 Dungeon Crawl Stone Soup version 0.19.4 (webtiles) character file.

1948 vatarom the Martial Artist (level 8, 0/71 HPs)
             Began as a Grey Draconian Transmuter on Feb 4, 2017.
             Was an Initiate of Makhleb.
             Killed by divine providence
             ... invoked by an orc priest
              (16 damage)
             ... on level 6 of the Dungeon.
             The game lasted 00:10:17 (5355 turns).

vatarom the Martial Artist (DrTm)                   Turns: 5355, Time: 00:10:18

Health: 0/71       AC:  2    Str: 13    XL:     8   Next: 98%
Magic:  14/15      EV: 23    Int: 14    God:    Makhleb [......]
Gold:   162        SH:  0    Dex: 18    Spells: 5 memorised, 1 level left

rFire  + . .     SeeInvis .       - Unarmed
rCold  . . .     Gourm    .     (armour unavailable)
rNeg   . . .     Faith    .     (shield currently unavailable)
rPois  x         Spirit   .     (helmet currently unavailable)
rElec  .         Reflect  .     (cloak currently unavailable)
rCorr  .         Harm     .     (gloves currently unavailable)
MR     .....                    (boots currently unavailable)
Stlth  +++.......               g - amulet of rage
                                n - ring of Guvefa Ukle {+Blink +Fly rF+ Stlth+}
                                l - +3 ring of slaying

@: spider-form (expiring)
A: (walk through water), unfitting armour, (antennae 0), (unbreathing),
(cold-blooded), AC +11
a: End Transformation, Renounce Religion, Evoke Blink, Evoke Berserk Rage, Evoke
Flight


You were on level 6 of the Dungeon.
You worshipped Makhleb.
Makhleb was noncommittal.
You were not hungry.
You were a venomous arachnid creature.
You visited 1 branch of the dungeon, and saw 6 of its levels.

You collected 162 gold pieces.

Inventory:

Missiles
 a - 35 arrows
Jewellery
 g - an amulet of rage (around neck)
 h - a cursed ring of teleportation
 l - a +3 ring of slaying (left front leg)
 n - the ring of Guvefa Ukle (right front leg) {+Blink +Fly rF+ Stlth+}
   (You found it on level 5 of the Dungeon)

   [ring of stealth]

   It protects you from fire.
   It lets you fly.
   It lets you blink.
   It makes you more stealthy.
 q - an uncursed ring of positive energy {unknown}
Scrolls
 e - 8 scrolls of identify
 i - 2 scrolls of amnesia
 j - a scroll of teleportation
 t - 2 scrolls of recharging
Potions
 f - a potion of heal wounds
 k - 3 potions of curing
 p - a potion of agility
 r - a potion of brilliance
 s - a potion of resistance {unknown}
Books
 b - a book of Changes

   Spells                             Type                      Level
   a - Beastly Appendage              Transmutation                1
   b - Sticks to Snakes               Transmutation                2
   c - Spider Form                    Transmutation/Poison         3
   d - Ice Form                       Ice/Transmutation            4
   e - Blade Hands                    Transmutation                5
Comestibles
 c - 5 bread rations
 d - 3 slices of pizza
 m - 2 beef jerkies
 o - a meat ration


   Skills:
 - Level 6.8 Fighting
 + Level 4.8 Dodging
 - Level 9.5 Unarmed Combat
 + Level 4.9 Spellcasting
 * Level 6.9 Transmutations
   Level 5.5 Earth Magic


You had one spell level left.
You knew the following spells:

 Your Spells              Type           Power        Failure   Level  Hunger
a - Beastly Appendage     Tmut           ###...       4%          1    None
b - Sticks to Snakes      Tmut           ###.....     6%          2    ##.....
c - Spider Form           Tmut/Pois      ##........   32%         3    ###....
d - Ice Form              Ice/Tmut       ##......     67%         4    ####...
e - Blade Hands           Tmut           ###.......   52%         5    ######.


Dungeon Overview and Level Annotations

Branches:
Dungeon (6/15)
 Temple: D:4-7

Altars:
Makhleb
Vehumet


Innate Abilities, Weirdness & Mutations

((You can walk through water.))
((Your dull iron-grey scales are very hard. (AC +11)))
You cannot fit into any form of body armour.
((You can survive without breathing.))
((You are cold-blooded and may be slowed by cold attacks.))
((You have a pair of small antennae on your head.))


Message History

You kill the orc wizard!
Makhleb accepts your kill.
The centaur unwields an uncursed shortbow.
The centaur completely misses you.
You bite the orc priest!
The orc priest is severely wounded.
The orc priest hits you with a dagger.
* * * LOW HITPOINT WARNING * * *
The centaur completely misses you.
You hit the orc priest.
The orc priest is almost dead.
The centaur hits you.
* * * LOW HITPOINT WARNING * * *
The orc priest closely misses you.
You hit the centaur.
The centaur is poisoned.
The centaur is moderately wounded.
The centaur completely misses you.
The orc priest mumbles some strange prayers to Beogh against you.
Beogh smites you!
You die...

#.......#..##.....##.....#
##...##....#.......##...##
#...##..#...(...........#
#................#..###..
#......#..##....##..# #..
#.....###.####.###..#
.....## #.# #.###..#####.
#..#... # #.(#)........
##so.[.###... #..#c...# #
#..###....# #..# ##...)..
..## ##...... .. ......# #
#...... ###...


You could see a centaur and an orc priest.

Vanquished Creatures
  Sigmund (D:4)
  Menkaure (D:5)
  An orc warrior (D:5)
  2 ice beasts (D:6)
  A sky beast (D:5)
  A centaur (D:6)
  An ogre (D:5)
  A bullfrog (D:4)
  A water moccasin skeleton (D:6)
  A howler monkey (D:4)
  A hound (D:4)
  A centaur skeleton (D:4)
  3 orc wizards
  2 orc priests (D:4)
  An iguana (D:5)
  2 worker ants
  A hound skeleton (D:5)
  Robin (D:3)
  6 gnolls (D:3)
  3 adders
  5 worms
  4 dart slugs
  A leopard gecko (D:1)
  17 orcs
  6 giant cockroaches
  18 goblins
  12 hobgoblins
  10 jackals
  5 kobolds
  6 quokkas
  2 ball pythons
  5 bats
  5 frilled lizards
  A jackal skeleton (D:5)
  2 quokka zombies (D:5)
  10 rats
141 creatures vanquished.

Vanquished Creatures (collateral kills)
  2 orcs
2 creatures vanquished.

Grand Total: 143 creatures vanquished

Notes
Turn   | Place    | Note
-------+----------+-------------------------------------------
     0 | D:1      | vatarom the Draconian Transmuter began the quest for the Orb.
     0 | D:1      | Reached XP level 1. HP: 16/16 MP: 3/3
   238 | D:1      | Reached XP level 2. HP: 15/24 MP: 5/5
   246 | D:1      | Learned a level 2 spell: Sticks to Snakes
  1010 | D:2      | Reached XP level 3. HP: 26/29 MP: 6/6
  1825 | D:3      | Reached skill level 4 in Unarmed Combat
  1825 | D:3      | Reached XP level 4. HP: 33/37 MP: 7/7
  2117 | D:3      | Learned a level 3 spell: Spider Form
  2147 | D:3      | Noticed Robin
  2154 | D:3      | Killed Robin
  2154 | D:3      | Reached XP level 5. HP: 29/45 MP: 2/8
  2355 | D:3      | Found a radiant altar of Vehumet.
  2969 | D:4      | Reached skill level 5 in Unarmed Combat
  3417 | D:4      | Reached XP level 6. HP: 40/51 MP: 9/9
  4041 | D:4      | Noticed Sigmund
  4062 | D:4      | Killed Sigmund
  4062 | D:4      | Reached skill level 6 in Unarmed Combat
  4062 | D:4      | Your scales start taking on a dull iron-grey colour.
  4062 | D:4      | Reached XP level 7. HP: 50/59 MP: 7/10
  4062 | D:4      | Gained mutation: You can survive without breathing. [Grey Draconian growth]
  4205 | D:4      | Gained mutation: You have a pair of small antennae on your head. [potion of mutation]
  4205 | D:4      | Gained mutation: You are frail. (-10% HP) [potion of mutation]
  4205 | D:4      | Lost mutation: You are frail. (-10% HP) [potion of mutation]
  4206 | D:4      | Reached skill level 9 in Unarmed Combat
  4206 | D:4      | Reached skill level 5 in Earth Magic
  4206 | D:4      | Reached XP level 8. HP: 64/71 MP: 10/15
  4573 | D:5      | Entered Level 5 of the Dungeon
  4672 | D:5      | Got a brightly glowing marble ring
  4677 | D:5      | Identified the ring of Guvefa Ukle {+Blink +Fly rF+ Stlth+} (You found it on level 5 of the Dungeon)
  4718 | D:5      | Noticed Menkaure
  4730 | D:5      | Killed Menkaure
  4766 | D:5      | Learned a level 4 spell: Ice Form
  4772 | D:5      | Learned a level 5 spell: Blade Hands
  5142 | D:6      | Found a burning altar of Makhleb.
  5308 | D:6      | Became a worshipper of Makhleb the Destroyer
  5355 | D:6      | Killed from afar by an orc priest

Skill      XL: |  1  2  3  4  5  6  7 |
---------------+----------------------+-----
Fighting       | 2 3 4 6 |  6.8
Unarmed Combat | 4 5 6 9 |  9.5
Transmutations | 3 4 6 |  6.9
Dodging        | 4 |  4.8
Spellcasting   | 4 |  4.9
Earth Magic    | 5 |  5.5

Action                   |  1- 3 |  4- 6 |  7- 9 || total
-------------------------+-------+-------+-------++-------
Melee: Unarmed           |   139 |   163 |   117 ||   419
       Tailslap          |    17 |    14 |    18 ||    49
       Kick              |     5 |       |     4 ||     9
       Punch             |     3 |     1 |     4 ||     8
       Headbutt          |       |     7 |       ||     7
 Cast: Beastly Appendage |     6 |     3 |     2 ||    11
       Sticks to Snakes  |     2 |     7 |     8 ||    17
       Spider Form       |       |     3 |     2 ||     5
  Use: Potion            |     7 |     1 |     5 ||    13
       Scroll            |     4 |       |     7 ||    11
 Stab: Sleeping          |     2 |     1 |     3 ||     6
       Distracted        |       |       |     1 ||     1
  Eat: Chunk             |     2 |     6 |       ||     8
       Meat ration       |       |     2 |       ||     2
Armor: Skin              |    35 |    28 |    33 ||    96
Dodge: Dodged            |    93 |   128 |    98 ||   319
